 Dungeon Sprint DCSS version 0.21.1-1-g345015f (webtiles) character file.

1804 Fang the Cleaver (level 9, 0/65 HPs)
             Began as a Gargoyle Berserker on July 23, 2018.
             Was a High Priest of Trog.
             Slain by a chaos spawn (7 damage)
             ... summoned by an orc high priest
             ... in the Dungeon (Sprint VII: "The Pits").
             The game lasted 00:03:10 (893 turns).

Fang the Cleaver (Gargoyle Berserker)                Turns: 893, Time: 00:03:12

Health: 0/65       AC: 12    Str: 27    XL:     9   Next: 9%
Magic:  9/9        EV: 17    Int:  8    God:    Trog [*****.]
Gold:   0          SH:  0    Dex:  9    Spells: 8/8 levels left

rFire    . . .     SeeInvis .   u - +1 battleaxe of Embarrassment {venom, rElec}
rCold    + . .     Gourm    .   (shield currently unavailable)
rNeg     + . .     Faith    .   p - +2 leather armour {rC+}
rPois    ∞         Spirit   .   (no helmet)
rElec    +         Reflect  .   (no cloak)
rCorr    .         Harm     .   (no gloves)
MR       .....     NoTele   +   (no boots)
Stlth    +.........             (no amulet)
HPRegen  0.20/turn              q - +3 ring of evasion
MPRegen  0.11/turn              s - +3 ring of strength

@: berserk cooldown, slowed, very slow
A: negative energy resistance 1, electricity resistance, unbreathing,
petrification resistance, rot immunity, AC +6
a: Berserk, Trog's Hand, Brothers in Arms, Burn Spellbooks, Renounce Religion


You were in the Dungeon.
You worshipped Trog.
Trog was extremely pleased with you.
You were near starving.

You visited 1 branch

Inventory:

Hand Weapons
 j - a +2 hand axe of electrocution
 m - a +2 hand axe of freezing
 t - a +2 war axe of chopping
 u - the +1 battleaxe of Embarrassment (weapon) {venom, rElec}
   (Trog gifted it to you in the Dungeon)

   It poisons the flesh of those it strikes.
   It insulates you from electricity.
Armour
 p - a +2 leather armour of cold resistance (worn)
Jewellery
 q - a +3 ring of evasion (left hand)
 s - a +3 ring of strength (right hand)
Scrolls
 i - a scroll of blinking
 k - 3 scrolls of remove curse
 l - a scroll of summoning
Potions
 a - 2 potions of invisibility
 b - a potion of lignification {unknown}
 d - 6 potions of curing
 e - 11 potions of heal wounds
 f - 2 potions of haste
 g - 4 potions of magic
 h - 5 potions of berserk rage
 r - 2 potions of brilliance
Comestibles
 c - 9 rations


   Skills:
 + Level 11.8 Fighting
 + Level 13.0 Axes
 + Level 5.5 Armour
 + Level 6.5 Dodging
 + Level 2.0 Stealth


You had 8 spell levels left.
You didn't know any spells.

Dungeon Overview and Level Annotations

Branches:
Dungeon (1/1)

Altars:
Cheibriados
Dithmenos
Elyvilon
Fedhas
Gozag
Hepliaklqana
Makhleb
Nemelex Xobeh
Okawaru
Qazlal
Ru
Sif Muna
Trog
Vehumet
Wu Jian
Xom
Yredelemnul
Zin
The Shining One
Beogh
Jiyva
Lugonu

Annotations:
D Eustachio


Innate Abilities, Weirdness & Mutations

You are resistant to torment.
Your stone body is resilient. (AC +6)
You are immune to poison.
You resist negative energy. (rN+)
You are resistant to electric shocks. (rElec)
You can survive without breathing.
You are immune to petrification.
You are immune to rotting.


Message History

You feel much better.
The quasit bites you but does no damage.
The quasit misses you. x2; The chaos spawn gores you!
* * * LOW HITPOINT WARNING * * *
You are engulfed in flames!
* * * LOW HITPOINT WARNING * * *
The orc high priest calls down the wrath of Beogh upon you.
You struggle to resist.
The orc warrior barely misses you.
The orc warrior barely misses your ogre.
The orc warrior hits your deep troll with a hand axe.
Your ogre barely misses the orc warrior.
The orc sorcerer casts a spell.
The quasit completely misses you.
The quasit claws you but does no damage.
The quasit misses you.
Your deep troll barely misses the quasit.
Your deep troll misses the quasit.
Your deep troll claws the quasit!!
The quasit dies!
The chaos spawn hits you!
You die...

.#).#####'#####''######
##))##.......##''#####
.#))##.......##.)....+
.#[[##.......##......+ .
.#'###...<...##.....##..
....##.......##...###...
....##.......##..##.....
######.......##OT#@..#..
.#.. ##########o@)l5....
.#.############4o#b..#..
.#.#....#..[[##Sh##.....
.#)#[...#..[[##o34 ##...
.#.'....'..).##oo{ ..
.#'#)...#..))###.4. .
.'.#....#..))# ###.
############## ##


You could see an orc high priest, an ice devil, Eustachio, a black mamba, a
sixfirhy, a chaos spawn, a warg, an orc sorcerer, a red devil, 2 orc warriors, a
quasit, an orc, a bat, a frilled lizard, a friendly deep troll (berserk) and a
friendly ogre (berserk).

Vanquished Creatures
  A gargoyle (D)
  An ice devil (D)
  A rime drake (D)
  A hellwing (D)
  A floating eye (D)
  Duvessa (D)
  A necrophage (D)
  2 wolves (D)
  Dowan (D)
  An orc priest (D)
  An orc wizard (D)
  A gnoll shaman (D)
  3 worker ants (D)
  3 gnolls (D)
  A white imp (D)
  An adder skeleton (D)
  An orc (D)
  A giant cockroach (D)
  A goblin (D)
  6 jackals (D)
  A bat simulacrum (D)
  2 giant cockroach zombies (D)
  A kobold (D)
  A leopard gecko zombie (D)
35 creatures vanquished.

Vanquished Creatures (collateral kills)
  A warg (D)
  An orc (D)
2 creatures vanquished.

Grand Total: 37 creatures vanquished

Notes
Turn   | Place    | Note
-------+----------+-------------------------------------------
     0 | D        | Fang the Gargoyle Berserker began the quest for the Orb.
     0 | D        | Reached XP level 1. HP: 14/14 MP: 1/1
    11 | D        | Noticed a worker ant
    16 | D        | Killed a worker ant
    16 | D        | Reached skill level 5 in Fighting
    16 | D        | Reached skill level 4 in Axes
    16 | D        | Reached XP level 2. HP: 21/21 MP: 2/2
    50 | D        | Found a bloodstained altar of Trog.
    50 | D        | Found a deep blue altar of Sif Muna.
    50 | D        | Found a viscous altar of Jiyva.
    50 | D        | Found a hazy altar of Hepliaklqana.
    50 | D        | Found an opulent altar of Gozag.
    51 | D        | Found a glowing golden altar of the Shining One.
    51 | D        | Found a glowing silver altar of Zin.
    51 | D        | Found a basalt altar of Yredelemnul.
    51 | D        | Found a shimmering altar of Xom.
    51 | D        | Found an ornate altar of the Wu Jian Council.
    51 | D        | Found a sacrificial altar of Ru.
    51 | D        | Found a stormy altar of Qazlal.
    51 | D        | Found an iron altar of Okawaru.
    51 | D        | Found a sparkling altar of Nemelex Xobeh.
    51 | D        | Found a burning altar of Makhleb.
    51 | D        | Found a blossoming altar of Fedhas.
    51 | D        | Found a white marble altar of Elyvilon.
    51 | D        | Found a shadowy altar of Dithmenos.
    51 | D        | Found a snail-covered altar of Cheibriados.
    53 | D        | Found a radiant altar of Vehumet.
    53 | D        | Found a corrupted altar of Lugonu.
    53 | D        | Found a roughly hewn altar of Beogh.
    94 | D        | Reached XP level 3. HP: 26/26 MP: 3/3
    96 | D        | Reached ** piety under Trog
   126 | D        | Noticed a floating eye
   127 | D        | Reached *** piety under Trog
   128 | D        | Paralysed by a floating eye for 3 turns
   132 | D        | Reached skill level 5 in Axes
   132 | D        | Reached XP level 4. HP: 24/32 MP: 4/4
   133 | D        | Received a gift from Trog
   133 | D        | Paralysed by a floating eye for 4 turns
   138 | D        | Killed a floating eye
   138 | D        | Reached **** piety under Trog
   138 | D        | Reached skill level 7 in Axes
   138 | D        | Reached XP level 5. HP: 24/39 MP: 5/5
   307 | D        | Noticed a necrophage
   308 | D        | Noticed a wolf
   308 | D        | Noticed a warg
   323 | D        | Killed a necrophage
   323 | D        | Reached skill level 8 in Axes
   323 | D        | Reached XP level 6. HP: 43/45 MP: 6/6
   329 | D        | Reached skill level 9 in Axes
   331 | D        | Reached ***** piety under Trog
   344 | D        | Killed a warg
   344 | D        | Reached skill level 5 in Armour
   344 | D        | Reached XP level 7. HP: 9/52 MP: 7/7
   617 | D        | Received a gift from Trog
   617 | D        | Reached skill level 10 in Fighting
   617 | D        | Reached skill level 10 in Axes
   638 | D        | Reached skill level 5 in Dodging
   651 | D        | Noticed Duvessa
   651 | D        | Noticed Dowan
   651 | D        | Noticed a hellwing
   656 | D        | Killed Dowan
   657 | D        | Killed Duvessa
   664 | D        | Killed a hellwing
   664 | D        | Reached skill level 11 in Axes
   664 | D        | Reached skill level 1 in Stealth
   664 | D        | Reached XP level 8. HP: 60/60 MP: 8/8
   820 | D        | Noticed a rime drake
   825 | D        | Killed a rime drake
   825 | D        | Reached skill level 12 in Axes
   829 | D        | Received a gift from Trog
   832 | D        | Got a brightly glowing battleaxe {god gift}
   833 | D        | Identified the +1 battleaxe of Embarrassment {venom, rElec} (Trog gifted it to you in the Dungeon)
   869 | D        | Noticed an ice devil
   871 | D        | Noticed a gargoyle
   872 | D        | Noticed Eustachio
   878 | D        | Killed an ice devil
   885 | D        | Killed a gargoyle
   885 | D        | Reached ****** piety under Trog
   885 | D        | Reached skill level 13 in Axes
   885 | D        | Reached XP level 9. HP: 59/65 MP: 9/9
   887 | D        | Noticed an orc high priest
   887 | D        | Noticed an orc sorcerer
   887 | D        | Noticed a black mamba
   891 | D        | Noticed an ice devil
   891 | D        | Noticed a sixfirhy
   893 | D        | Slain by a chaos spawn

Skill      XL: |  1  2  3  4  5  6  7  8 |
---------------+-------------------------+-----
Fighting       | 5 6 8 9 11 | 11.8
Axes           | 4 5 7 8 9 11 13 | 13.0
Dodging        | 2 3 4 5 6 |  6.5
Armour         | 3 4 5 |  5.5
Stealth        | 1 2 |  2.0

Action                   |  1- 3 |  4- 6 |  7- 9 || total
-------------------------+-------+-------+-------++-------
Melee: Hand axe          |    16 |    24 |     9 ||    49
       Battleaxe         |       |       |    45 ||    45
Invok: Berserk           |     1 |     1 |     3 ||     5
       Brothers in Arms  |       |     1 |     2 ||     3
  Use: Potion            |       |       |     1 ||     1
  Eat: Chunk             |       |       |     4 ||     4
Armor: Animal skin       |    14 |    10 |    14 ||    38
       Leather armour    |       |       |    15 ||    15
Dodge: Dodged            |    12 |    10 |    55 ||    77
